 Dungeon Crawl Stone Soup version 0.14.1-24-gbdbe590 (console) character file.

2152 stagrovin the Bolt Thrower (level 8, -3/63 HPs)
             Began as a Minotaur Hunter on June 21, 2014.
             Was a Follower of Okawaru.
             Slain by an orc warrior
             ... wielding a +0,+0 battleaxe
              (14 damage)
             ... on Level 7 of the Dungeon on June 22, 2014.
             The game lasted 02:16:51 (9479 turns).

stagrovin the Bolt Thrower (Minotaur Hunter)        Turns: 9479, Time: 02:16:51

HP  -3/63        AC 18     Str 18      XL: 8   Next: 86%
MP   1/3         EV  9     Int  8      God: Okawaru [*.....]
Gold 321         SH  0     Dex 12      Spells:  0 memorised,  7 levels left

rFire  . . .     SeeInvis .     a - +3 hand axe (flame)
rCold  . . .     Clarity  .     N - +0 plate armour
rNeg   . . .     Conserve .     (no shield)
rPois  .         rCorr    +     (helmet restricted)
rElec  .         rRot     .     (no cloak)
SustAb . .       Spirit   .     d - +2 pair of gloves
rMut   .         Warding  .     (no boots)
Saprov . . .     Stasis   .     p - amulet of resist corrosion
MR     .....                    (no ring)
                                l - +3 ring of evasion

@: heroism, not resistant to hostile enchantments, extremely unstealthy
A: retaliatory headbutt, horns 2
a: Heroism, Renounce Religion


You were on level 7 of the Dungeon.
You worshipped Okawaru.
Okawaru was aware of your devotion.
You were not hungry.

You visited 2 branches of the dungeon, and saw 9 of its levels.

You collected 321 gold pieces.

Inventory:

Hand weapons
 a - a +3,+3 hand axe of flaming (weapon)
 b - a +2,+0 bow
 g - a +2,+2 dagger of holy wrath
 k - a +1,+1 halberd of dragon slaying
 y - a +0 blowgun
 A - a +0,+0 sling
 E - a +0,+2 falchion
 I - a +1,+1 crossbow
Missiles
 e - 9 arrows of dispersal
 m - 2 bolts
 C - 21 poisoned sling bullets
 D - 32 poisoned needles
 J - 36 arrows
Armour
 d - a +2 pair of gloves (worn)
 N - a +0 plate armour (worn)
Magical devices
 q - a wand of paralysis (3)
 s - a wand of digging (18)
 u - a wand of slowing (3)
 w - a wand of frost (17)
Comestibles
 c - 2 meat rations
 f - 7 bread rations
 j - a slice of pizza
Scrolls
 i - 4 scrolls of magic mapping {unknown}
 n - a scroll of fear {unknown}
 o - a scroll of amnesia
 t - a scroll of recharging
 G - a scroll of noise
Jewellery
 h - an uncursed ring of ice {unknown}
 l - a +3 ring of evasion (left hand)
 p - an amulet of resist corrosion (around neck)
Potions
 r - 4 potions of curing
 B - 3 potions of agility
Books
 H - a book of Power

   Spells                             Type                      Level
   Fulminant Prism                    Conjuration/Hexes            4
   Iskenderun's Mystic Blast          Conjuration                  4
   Venom Bolt                         Conjuration/Poison           5
   Bolt of Magma                      Conjuration/Fire/Earth       5
   Iron Shot                          Conjuration/Earth            6
   Orb of Destruction                 Conjuration                  7
 K - a book of the Earth

   Spells                             Type                      Level
   Leda's Liquefaction                Hexes/Earth                  4
   Bolt of Magma                      Conjuration/Fire/Earth       5
   Statue Form                        Transmutation/Earth          6
   Iron Shot                          Conjuration/Earth            6
   Shatter                            Earth                        9
 O - a book of Dreams

   Spells                             Type                      Level
   Ensorcelled Hibernation            Hexes/Ice                    2
   Flight                             Charms/Air                   3
   Phase Shift                        Translocation                5
   Shadow Creatures                   Summoning                    5
   Mass Confusion                     Hexes                        6
   Darkness                           Hexes                        7
Magical staves
 x - an uncursed staff of power
 L - an uncursed staff of poison


   Skills:
 + Level 3.3(8.3) Fighting
 + Level 2.1(7.1) Short Blades
 + Level 4.0(9.0) Long Blades
 + Level 1.4(6.4) Axes
   Level 0.5(5.5) Maces & Flails
 + Level 3.1(8.1) Bows
 + Level 7.4(12.4) Crossbows
 + Level 2.7(7.7) Throwing
 + Level 6.1(11.1) Armour
 + Level 5.4(10.4) Dodging
 + Level 2.1(7.1) Stealth
 + Level 0.4 Invocations
 + Level 0.6 Evocations


You had 7 spell levels left.
You didn't know any spells.

Dungeon Overview and Level Annotations

Branches:
Dungeon (8/15)             Temple (1/1) D:4
   Lair: D:8-11

Altars:
Ashenzari
Cheibriados
Dithmenos
Elyvilon
Fedhas
Kikubaaqudgha
Makhleb
Nemelex Xobeh
Okawaru
Sif Muna
Trog
Vehumet
Xom
Yredelemnul
Zin
The Shining One


Innate Abilities, Weirdness & Mutations

You reflexively headbutt those who attack you in melee.
You have a pair of horns on your head.


Message History

Use which ability? (? or * to list)
You gain the combat prowess of a mighty hero.
You feel slightly more hungry.
The orc warrior hits you but does no damage.
You barely miss the orc warrior. You headbutt the orc warrior.
The orc warrior is heavily wounded.
You closely miss the orc warrior.
The orc warrior is heavily wounded.
The orc warrior barely misses you.
You barely miss the orc warrior.
The orc warrior is heavily wounded.
Your plate armour prevents you from hitting the orc warrior.
You headbutt the orc warrior, but do no damage.
The orc warrior is heavily wounded.
The orc warrior hits you but does no damage.
Your plate armour prevents you from hitting the orc warrior.
You headbutt the orc warrior.
The orc warrior is heavily wounded.
The orc warrior hits you with a battleaxe!
You die...

·····P···P·············▒▒▒▒▒▒▒▒▒▒
·······················▒
▒▒▒▒▒▒▒▒▒▒·▒▒··········▒▒▒▒▒▒ ▒
▒·▒▒···············▒ ▒
▒·▒▒···············▒ ▒
▒▒▒▒·▒▒···············▒ ▒▒▒▒▒
▒······▒▒▒'▒▒▒▒▒▒·····▒ ▒···▒
▒······▒ ▒·▒▒▒▒▒▒·····▒▒▒
▒···▒▒▒······▒ ▒·▒············▒
▒········▒·▒▒▒▒▒·▒·▒▒▒▒·····▒·▒▒▒
···············=@o···············
▒·[······▒···▒▒▒▒▒·▒▒▒▒▒▒▒▒▒▒·▒▒▒
▒···▒▒▒▒▒▒···▒ ▒·▒ ▒·▒
·········◼···▒ ▒·▒ ▒▒▒▒·▒▒▒
······▒▒▒▒···▒▒▒▒▒◼▒▒▒▒▒ ▒······▒
······▒ ▒·············▒ ▒······▒
······▒ ▒·············▒ ▒······▒
······▒ ▒·············▒ ▒······▒
······▒▒▒▒····%········▒ ▒····!·▒
········▒▒▒▒▒<·········▒ ▒······▒
······▒·▒ ▒▒▒▒▒▒·▒▒·▒▒ ▒······▒


You could see an orc warrior.

Vanquished Creatures
  An ice beast (D:7)
  An orc warrior (D:6)
  A phantom (D:6)
  2 centaurs
  3 ogres
  A scorpion (D:5)
  2 crimson imps
  2 jellies
  3 orc priests
  3 hounds
  6 orc wizards
  2 iguanas
  6 worker ants
  A big kobold skeleton (D:6)
  10 gnolls
  2 orc zombies
  A worm zombie (D:5)
  10 adders
  2 worms
  A shadow imp (D:6)
  An adder skeleton (D:4)
  An iguana skeleton (D:5)
  An iguana zombie (D:6)
  7 giant geckos
  An ooze (D:7)
  22 orcs
  3 ball pythons
  14 bats
  5 giant cockroaches
  11 goblins
  16 hobgoblins
  15 jackals
  6 quokkas
  3 giant newts
  15 kobolds
  A kobold skeleton (D:4)
  An orc skeleton (D:7)
  34 rats
217 creatures vanquished.

Notes
Turn   | Place    | Note
--------------------------------------------------------------
     0 | D:1      | stagrovin, the Minotaur Hunter, began the quest for the Orb.
     0 | D:1      | Reached XP level 1. HP: 16/16 MP: 1/1
   190 | D:1      | Reached XP level 2. HP: 23/23 MP: 1/1
   283 | D:1      | Reached skill level 5 in Crossbows
   917 | D:2      | Reached XP level 3. HP: 25/28 MP: 2/2
  1322 | D:2      | Found a snail-covered altar of Cheibriados.
  1355 | D:2      | Reached skill level 1 in Armour
  1499 | D:2      | Reached XP level 4. HP: 35/35 MP: 2/2
  1826 | D:3      | Reached skill level 1 in Throwing
  1870 | D:2      | Reached XP level 5. HP: 11/40 MP: 2/2
  2692 | D:3      | Reached skill level 1 in Stealth
  3446 | D:4      | Reached XP level 6. HP: 48/48 MP: 3/3
  3916 | D:4      | Reached skill level 1 in Long Blades
  4001 | D:4      | Found a snail-covered altar of Cheibriados.
  4177 | D:4      | Reached skill level 6 in Crossbows
  4313 | D:4      | Found a staircase to the Ecumenical Temple.
  4316 | D:4      | Paralysed by a potion of paralysis for 7 turns
  4365 | Temple   | Entered the Ecumenical Temple
  4632 | Temple   | Became a worshipper of Warmaster Okawaru
  5078 | D:4      | Reached XP level 7. HP: 45/53 MP: 3/3
  5181 | D:4      | Found a bloodstained altar of Trog.
  5188 | D:4      | Found a shadowy altar of Dithmenos.
  5191 | D:4      | Found a glowing silver altar of Zin.
  5357 | D:5      | Entered Level 5 of the Dungeon
  5548 | D:5      | Found a shattered altar of Ashenzari.
  6460 | D:6      | Acquired Okawaru's first power
  6460 | D:6      | Reached skill level 7 in Crossbows
  6460 | D:6      | Reached skill level 5 in Armour
  6460 | D:6      | Reached skill level 5 in Dodging
  6499 | D:6      | Reached XP level 8. HP: 39/61 MP: 3/3
  7810 | D:6      | Reached skill level 1 in Bows
  7895 | D:7      | Reached skill level 1 in Short Blades
  8354 | D:7      | Reached skill level 1 in Axes
  8975 | D:7      | HP: 3/63 [orc priest/divine providence (14)]
  9479 | D:7      | Slain by an orc warrior

Action                   |  1- 3 |  4- 6 |  7- 9 || total
-------------------------+-------+-------+-------++-------
Melee: Short sword       |    59 |    31 |       ||    90
       Club              |    42 |    44 |     6 ||    92
       Crossbow          |     1 |       |       ||     1
       Falchion          |       |    80 |    85 ||   165
       Dagger            |       |       |    42 ||    42
       Hand axe          |       |       |    60 ||    60
       Mace              |       |       |     2 ||     2
 Fire: Crossbow          |    13 |    65 |    28 ||   106
       Bow               |       |       |    64 ||    64
       Blowgun           |       |       |     6 ||     6
Throw: Javelin           |     4 |     1 |     5 ||    10
       Dart              |     2 |    37 |       ||    39
Invok: Heroism           |       |       |     5 ||     5
Evoke: Wand              |       |     1 |     9 ||    10
  Use: Potion            |     6 |     4 |     4 ||    14
       Scroll            |     3 |    10 |     5 ||    18
 Stab: Paralysed         |       |       |     2 ||     2
